 Dungeon Crawl Stone Soup version 0.28-a0-723-g095bd1b44f (webtiles) character file.

Game seed: 8190411866171227117

611 Ijustatesigmund the Covert (level 7, -1/60 HPs)
             Began as a Gnoll Delver on Oct 26, 2021.
             Slain by Edmund (6 damage)
             ... on level 4 of the Dungeon.
             The game lasted 00:07:56 (4358 turns).

Ijustatesigmund the Covert (Gnoll Delver)           Turns: 4358, Time: 00:07:57

Health: -1/60      AC:  3    Str: 12    XL:     7   Next: 43%
Magic:  10/10      EV: 13    Int: 11    God:
Gold:   159        SH:  0    Dex: 13    Spells: 11/11 levels left

rFire   + . .      SeeInvis .   n - +2 scythe (vamp)
rCold   + . .      Faith    .   (shield currently unavailable)
rNeg    . . .      Spirit   .   b - +0 leather armour
rPois   +          Reflect  .   (no helmet)
rElec   .          Harm     .   q - scarf {rC+ rF+}
rCorr   .          Rampage  .   (no gloves)
Will    .....                   (no boots)
Stlth   ++++......              (no amulet)
HPRegen 0.20/turn               j - ring of poison resistance
MPRegen 0.12/turn               (no ring)

@: mighty
A: fangs 1, strong nose, distributed training
a: no special abilities


You were on level 4 of the Dungeon.
You visited 2 branches of the dungeon, and saw 6 of its levels.

You collected 159 gold pieces.

Inventory:

Hand Weapons
 a - a +0 vorpal hand axe
 h - a +0 vampiric dagger
 n - a +2 vampiric scythe (weapon)
Armour
 b - a +0 leather armour (worn)
 q - a scarf of resistance (worn)
Jewellery
 f - a ring of ice
 j - a ring of poison resistance (left hand)
Wands
 g - a wand of digging (3)
Scrolls
 c - 2 scrolls of fog
 d - a scroll of magic mapping
 e - a scroll of fear
Potions
 i - a potion of resistance
 l - 2 potions of cancellation
 o - a potion of curing
 p - a potion of degeneration {unknown}


   Skills:
 + Level 7.0 Fighting
 + Level 2.5 Short Blades
 + Level 2.5 Long Blades
 + Level 5.2 Axes
 + Level 2.5 Maces & Flails
 + Level 2.5 Polearms
 + Level 2.5 Staves
 + Level 2.5 Slings
 + Level 2.5 Bows
 + Level 2.5 Crossbows
 + Level 2.5 Throwing
 + Level 2.5 Armour
 + Level 5.2 Dodging
 + Level 9.9 Stealth
 + Level 2.5 Shields
 + Level 2.5 Unarmed Combat
 + Level 2.5 Spellcasting
 + Level 2.0 Conjurations
 + Level 2.0 Hexes
 + Level 2.0 Summonings
 + Level 2.0 Necromancy
 + Level 2.0 Translocations
 + Level 2.0 Transmutations
 + Level 2.0 Fire Magic
 + Level 2.0 Ice Magic
 + Level 2.0 Air Magic
 + Level 2.0 Earth Magic
 + Level 2.0 Poison Magic
 + Level 2.7 Invocations
 + Level 2.5 Evocations


You had 11 spell levels left.
You didn't know any spells.
Your spell library contained the following spells:

 Spells                   Type           Power      Damage    Failure   Level
 Shock                    Conj/Air       20%        1d4       16%         1
 Swiftness                Air            5%         N/A       41%         3
 Airstrike                Air            2%         N/A       83%         4


Dungeon Overview and Level Annotations

Branches:
Dungeon (5/15)             Temple (1/1) D:4

Altars:
Ashenzari
Cheibriados
Dithmenos
Elyvilon
Fedhas
Hepliaklqana
Makhleb
Nemelex Xobeh
Okawaru
Qazlal
Ru
Sif Muna
Trog
Vehumet
Wu Jian
Xom
Yredelemnul
The Shining One

Shops:
D:2 [

Annotations:
D:4 Edmund


Innate Abilities, Weirdness & Mutations

You have very sharp teeth.
Your uncanny sense of smell can sniff out nearby items.
Your experience applies equally to all skills.


Message History

No target in view!
No target in view!
No target in view!
No target in view!
No target in view!
You open the door.
There is an open door here.
You open the door.
Edmund the Younger comes into view.
He is wielding a +0 vorpal dire flail.
Found 5 gold pieces.
There is an open door here.
Edmund shouts!
You reach to attack!
You hit Edmund but do no damage.
Edmund says, "I'm quite good with sums, too."
Edmund misses you.
You barely miss Edmund.
Edmund hits you with a +0 vorpal dire flail!
You barely miss Edmund. Your bite misses Edmund. Edmund barely misses you.
Edmund completely misses you.
You hit Edmund.
Edmund is lightly wounded.
Edmund closely misses you.
Edmund hits you with a +0 vorpal dire flail.
You slash Edmund!
Edmund is moderately wounded.
Edmund hits you with a +0 vorpal dire flail! x2
You are too injured to fight recklessly!
You are too injured to fight recklessly!
You are too injured to fight recklessly!
You feel very mighty all of a sudden.
Edmund says, "You wouldn't believe how much I paid for this flail."
Edmund hits you with a +0 vorpal dire flail!
* * * LOW HITPOINT WARNING * * *
x2 You slash Edmund!
Edmund is severely wounded.
Edmund barely misses you. x2
You hit Edmund.
Edmund is almost dead.
Edmund hits you with a +0 vorpal dire flail.
You die...

# ∆ # #. # #.#+### #### #......
########## #..## #...$.
#....##... #...# #....#
#<)...#... #...# #....#
#...†.#... #...## #..@.+
#.....'... #....# #.@.#
#.....#... #.####
####'######....##... ...#
#....##..##....##... ...#
#####....#...#.[....#... ...#
#........#...'......#...
##########.8.8.8..##..###...##...
###......#..⌠.⌠...##..###+####...
....#......8.>.8..#.....# #...
....#.......⌠.⌠...#.....# #...


You could see Edmund.

Vanquished Creatures
  Sigmund (D:2)
  An ogre (D:4)
  A scorpion (D:4)
  A water moccasin skeleton (D:4)
  A hound (D:4)
  Terence (D:2)
  6 gnolls
  6 adders
  2 dart slugs
  7 orcs
  A bat (D:3)
  9 endoplasms
  3 giant cockroaches
  7 goblins
  7 hobgoblins
  7 jackals
  2 quokkas (D:3)
  6 ball pythons
  4 frilled lizards
  3 kobolds
  2 rats
78 creatures vanquished.

Notes
Turn   | Place    | Note
-------+----------+-------------------------------------------
     0 | D:5      | Reached skill level 9 in Stealth
     0 | D:5      | Ijustatesigmund the Gnoll Delver began the quest for the
                  | Orb.
     0 | D:5      | Reached XP level 1. HP: 23/23 MP: 1/1
    40 | D:4      | Noticed an ogre
   146 | D:4      | Found a staircase to the Ecumenical Temple.
   156 | Temple   | Entered the Ecumenical Temple
   434 | D:3      | Reached XP level 2. HP: 20/29 MP: 2/2
   681 | D:2      | Noticed Terence
   682 | D:2      | Found Ochune Dufe's Armour Shop.
   688 | D:2      | Killed Terence
   689 | D:2      | Reached skill level 1 in Invocations
   689 | D:2      | Reached XP level 3. HP: 35/35 MP: 2/4
   706 | D:2      | Reached skill level 1 in Short Blades
   706 | D:2      | Reached skill level 1 in Long Blades
   706 | D:2      | Reached skill level 1 in Maces & Flails
   706 | D:2      | Reached skill level 1 in Polearms
   706 | D:2      | Reached skill level 1 in Staves
   706 | D:2      | Reached skill level 1 in Slings
   706 | D:2      | Reached skill level 1 in Bows
   706 | D:2      | Reached skill level 1 in Crossbows
   706 | D:2      | Reached skill level 1 in Throwing
   706 | D:2      | Reached skill level 1 in Armour
   706 | D:2      | Reached skill level 1 in Shields
   706 | D:2      | Reached skill level 1 in Unarmed Combat
   706 | D:2      | Reached skill level 1 in Spellcasting
   706 | D:2      | Reached skill level 1 in Evocations
   769 | D:2      | Found a faded altar of an unknown god.
   884 | D:2      | Reached XP level 4. HP: 41/41 MP: 5/5
  1674 | D:2      | Noticed Sigmund
  1678 | D:2      | Reached skill level 1 in Conjurations
  1678 | D:2      | Reached skill level 1 in Hexes
  1678 | D:2      | Reached skill level 1 in Summonings
  1678 | D:2      | Reached skill level 1 in Necromancy
  1678 | D:2      | Reached skill level 1 in Translocations
  1678 | D:2      | Reached skill level 1 in Transmutations
  1678 | D:2      | Reached skill level 1 in Fire Magic
  1678 | D:2      | Reached skill level 1 in Ice Magic
  1678 | D:2      | Reached skill level 1 in Air Magic
  1678 | D:2      | Reached skill level 1 in Earth Magic
  1678 | D:2      | Reached skill level 1 in Poison Magic
  1697 | D:2      | Killed Sigmund
  1698 | D:2      | Reached XP level 5. HP: 39/47 MP: 5/7
  1698 | D:2      | Reached XP level 6. HP: 44/53 MP: 5/8
  2073 | D:3      | Found a bloodstained altar of Trog.
  2073 | D:3      | Found a white marble altar of Elyvilon.
  2424 | D:3      | Reached skill level 5 in Axes
  2424 | D:3      | Reached skill level 5 in Dodging
  3082 | D:3      | Found a radiant altar of Vehumet.
  3934 | D:4      | Reached XP level 7. HP: 59/59 MP: 10/10
  4348 | D:4      | Noticed Edmund
  4358 | D:4      | Slain by Edmund

Illustrated notes

Levels and vault maps discovered:
D:1:      lemuel_arrival_rhombus, layout_rooms
D:2:      layout_rooms, serial_shops, shop, shapermc_ecumenical_altar_ellora,
          hangedman_abyss_or_decor_stabs, uniq_sigmund, uniq_terence
D:3:      layout_basic, nicolae_overflow_hidden_temple,
          mainiacjoe_overflow_divided_tiny
D:4:      layout_gridville, minmay_temple_entry_statues_fountains, uniq_edmund
D:5:      layout_cave_pools, lemuel_doored_altar, dancing_weapons_uskayaw,
          serial_column_ruins, column_ruins_temple_circle, column_ruins_grid_1,
          column_ruins_open_small, column_ruins_grid_1, column_ruins_grid_3
Temple:   minmay_freezing_vapour_temple

Skill      XL: |  1  2  3  4  5  6  7 |
---------------+----------------------+-----
Stealth        | |  9.9
Invocations    | 1 2 |  2.7
Short Blades   | 1 2 |  2.5
Long Blades    | 1 2 |  2.5
Maces & Flails | 1 2 |  2.5
Polearms       | 1 2 |  2.5
Staves         | 1 2 |  2.5
Slings         | 1 2 |  2.5
Bows           | 1 2 |  2.5
Crossbows      | 1 2 |  2.5
Throwing       | 1 2 |  2.5
Armour         | 1 2 |  2.5
Shields        | 1 2 |  2.5
Unarmed Combat | 1 2 |  2.5
Spellcasting   | 1 2 |  2.5
Evocations     | 1 2 |  2.5
Conjurations   | 1 2 |  2.0
Hexes          | 1 2 |  2.0
Summonings     | 1 2 |  2.0
Necromancy     | 1 2 |  2.0
Translocations | 1 2 |  2.0
Transmutations | 1 2 |  2.0
Fire Magic     | 1 2 |  2.0
Ice Magic      | 1 2 |  2.0
Air Magic      | 1 2 |  2.0
Earth Magic    | 1 2 |  2.0
Poison Magic   | 1 2 |  2.0
Axes           | 5 |  5.2
Dodging        | 5 |  5.2
Fighting       | 7 |  7.0

Action                   |  1- 3 |  4- 6 |  7- 9 || total
-------------------------+-------+-------+-------++-------
Melee: Dagger            |    60 |   109 |       ||   169
       Hand axe          |     4 |       |       ||     4
       Bite              |     3 |    12 |     1 ||    16
       Punch             |       |     2 |       ||     2
       Scythe            |       |    92 |    33 ||   125
  Use: Potion            |     1 |     2 |     3 ||     6
       Scroll            |       |     3 |     4 ||     7
 Stab: Sleeping          |     6 |    17 |     6 ||    29
Armor: Leather armour    |    14 |    63 |     6 ||    83
Dodge: Dodged            |    35 |   201 |    25 ||   261

Table legend: (Time is in decaauts)
 A = Elapsed time spent in this place.
 B = Non-inter-level travel time spent in this place.
 C = Inter-level travel time spent in this place.
 D = Time resting spent in this place.
 E = Time spent auto-exploring this place.
 F = Levels seen in this place.
 G = Mean time per level.
                   A        B        C        D        E       F      G
               +--------+--------+--------+--------+--------+-----+--------+
         Total |   4445 |   4316 |    129 |   1554 |   1796 |   6 |  740.8 |
       Dungeon |   4443 |   4314 |    129 |   1554 |   1796 |   5 |  888.6 |
        Temple |      1 |      1 |      0 |      0 |      0 |   1 |    1.0 |
               +--------+--------+--------+--------+--------+-----+--------+

Top non-repeatable levels by time:
     D:3: 2038 daAuts
     D:2: 904 daAuts
     D:4: 835 daAuts
     D:1: 662 daAuts
     D:5: 4 daAuts
  Temple: 1 daAuts
